Map: Prion Terraces

Players

TitaN

  • Race: Protoss Protoss
  • League: Silver

Malecondrius - Winner!

  • Race: Protoss Protoss
  • League: Gold

VOD

Have the link to the VOD?

Description

Time

  • Played on: Dec. 19, 2015, 12:19 a.m.
  • Length: 6:21
Show
View Real Time Build Order
Export as new Build Order

TitaN Protoss 

Build Orders: 1 Gate Expand 

Get SALT Encoding   

  12  0:01  Probe (Chrono Boost)  
  13  0:11  Probe (Chrono Boost)  
  14  0:20  Pylon  
  14  0:24  Probe (Chrono Boost)  
  15  0:38  Probe (Chrono Boost)  
  16  0:45  Gateway  
  16  0:47  Assimilator  
  16  0:48  Probe (Chrono Boost)  
  17  0:59  Probe (Chrono Boost)  
  19  1:15  Probe (Chrono Boost)  
  19  1:24  Nexus  
  19  1:32  Nexus  
  19  1:45  Cybernetics Core  
  19  1:52  Zealot  
  21  2:00  Probe (Chrono Boost)  
  22  2:07  Pylon  
  22  2:14  Probe (Chrono Boost)  
  23  2:24  Robotics Facility  
  23  2:27  Adept  
  23  2:29  Warp Gate  
  25  2:39  Probe (Chrono Boost), Assimilator  
  26  2:45  Probe (Chrono Boost)  
  27  2:55  Mothership Core (Chrono Boost), Probe (Chrono Boost)  
  30  3:03  Adept  
  32  3:06  Probe (Chrono Boost)  
  32  3:07  Pylon  
  33  3:16  Probe (Chrono Boost)  
  34  3:21  Pylon  
  34  3:24  Warp Prism  
  36  3:28  Probe (Chrono Boost)  
  36  3:30  Probe (Chrono Boost)  
  38  3:38  Probe (Chrono Boost)  
  38  3:41  Probe (Chrono Boost), Adept  
  42  3:51  Probe (Chrono Boost)  
  43  3:58  Pylon  
  43  4:02  Forge  
  43  4:17  Gateway  
  43  4:18  Gateway  
  43  4:22  Gateway  
  43  4:33  Probe x2 (Chrono Boost)  
  45  4:41  Photon Cannon  
  45  4:43  Probe (Chrono Boost)  
  45  4:44  Probe (Chrono Boost)  
  47  4:46  Photon Cannon  
  45  4:54  Probe x2 (Chrono Boost)  
  47  5:02  Stalker  
  44  5:09  Gateway  
  44  5:10  Gateway  
  44  5:13  Mothership Core (Chrono Boost)  
  40  5:17  Photon Cannon  
  40  5:20  Photon Cannon  
  38  5:22  Photon Cannon  
  35  5:39  Pylon  
  33  5:44  Mothership Core (Chrono Boost)  
  35  5:59  Stalker  
  35  6:18  Stalker x2  
Show
View Real Time Build Order
Export as new Build Order

Malecondrius Protoss - Winner!

Build Orders:  

Get SALT Encoding   

  12  0:01  Probe (Chrono Boost)  
  13  0:12  Probe (Chrono Boost)  
  14  0:22  Pylon  
  14  0:24  Probe (Chrono Boost)  
  15  0:41  Gateway  
  15  0:48  Probe (Chrono Boost)  
  16  0:52  Assimilator  
  16  0:57  Assimilator  
  16  0:58  Probe (Chrono Boost)  
  17  1:05  Pylon  
  17  1:09  Probe (Chrono Boost)  
  18  1:19  Probe (Chrono Boost)  
  19  1:33  Zealot (Chrono Boost)  
  19  1:38  Pylon  
  19  1:39  Cybernetics Core  
  21  1:50  Pylon  
  21  2:03  Gateway  
  21  2:05  Gateway  
  21  2:14  Probe  
  22  2:16  Warp Gate  
  22  2:26  Probe  
  23  2:31  Stalker (Chrono Boost)  
  25  2:38  Probe  
  25  2:41  Pylon  
  26  2:50  Probe  
  29  2:55  Stalker (Chrono Boost)  
  29  2:58  Stalker (Chrono Boost)  
  31  3:04  Mothership Core  
  35  3:16  Stalker (Chrono Boost)  
  35  3:25  Stalker (Chrono Boost)  
  37  3:33  Stalker (Chrono Boost)  
  39  3:43  Pylon  
  39  3:45  Pylon  
  39  3:53  Stalker (Chrono Boost)  
  41  4:24  Stalker  
  41  4:26  Stalker  
  41  4:29  Stalker  
  45  5:07  Pylon  
  45  5:11  Stalker  
  45  5:12  Stalker  
  45  5:13  Stalker  
  51  5:47  Stalker  
  51  5:48  Stalker  
  51  5:49  Stalker  
Tags
 
Add a new tag
Caveats
  • Supply blocks, unpowered buildings, or Contaminate may cause inaccurate times.
  • Supply counts are checked every 10 seconds.